 Dungeon Crawl Stone Soup version 0.28-a0-657-g71136c5590 (webtiles) character file.

Game seed: 3400708137825994696

7947 Dittersdorf the Protected (level 11, -4/74 HPs)
             Began as a Gargoyle Fighter on Oct 13, 2021.
             Was a High Priest of Okawaru.
             Slain by a komodo dragon (20 damage)
             ... on level 9 of the Dungeon.
             The game lasted 00:12:37 (13464 turns).

Dittersdorf the Protected (Gargoyle Fighter)       Turns: 13464, Time: 00:12:38

Health: -4/74      AC: 29    Str: 23    XL:     11   Next: 23%
Magic:  9/11       EV: 13    Int:  9    God:    Okawaru [*****.]
Gold:   506        SH:  5    Dex:  9    Spells: 10/10 levels left

rFire   . . .      SeeInvis .   a - +1 morningstar
rCold   + . .      Faith    .   c - +0 buckler
rNeg    + . .      Spirit   .   v - +0 plate armour
rPois   ∞          Reflect  .   z - +0 helmet
rElec   +          Harm     .   q - +1 cloak
rCorr   .          Rampage  .   (no gloves)
Will    .....                   (no boots)
Stlth   ..........              p - amulet of the acrobat
HPRegen 0.22/turn               j - +4 ring of evasion
MPRegen 0.12/turn               o - ring of protection from cold

@: heroic
A: sickness immunity, AC +8, negative energy resistance 1, electricity
resistance, torment resistance 1, petrification resistance
a: Renounce Religion, Heroism, Finesse, Duel


You were on level 9 of the Dungeon.
You worshipped Okawaru.
Okawaru was extremely pleased with you.
You visited 2 branches of the dungeon, and saw 10 of its levels.

You collected 506 gold pieces.

Inventory:

Hand Weapons
 a - a +1 morningstar (weapon)
Missiles
 k - 2 throwing nets
 m - 35 poisoned darts (quivered)
Armour
 c - a +0 buckler (worn)
 q - a +1 cloak (worn)
 v - a +0 plate armour (worn)
 z - a +0 helmet (worn)
Jewellery
 b - a ring of ice
 j - a +4 ring of evasion (left hand)
 n - a ring of protection from fire
 o - a ring of protection from cold (right hand)
 p - an amulet of the acrobat (around neck)
Wands
 r - a wand of flame (14)
 x - a wand of digging (2)
Scrolls
 e - 2 scrolls of magic mapping
 i - a scroll of teleportation
 t - 2 scrolls of blinking
 u - 2 scrolls of fog
Potions
 d - 4 potions of might
 f - 6 potions of curing
 g - a potion of ambrosia
 h - 2 potions of heal wounds
 l - 3 potions of flight
 s - a potion of mutation
 w - a potion of invisibility


   Skills:
 + Level 11.2(16.2) Fighting
 + Level 10.1(15.1) Maces & Flails
 + Level 11.2(16.2) Armour
 - Level 4.0(9.0) Shields


You had 10 spell levels left.
You didn't know any spells.
Your spell library contained the following spells:

 Spells                   Type           Power      Damage    Failure   Level
 Freeze                   Ice            0%         1d3       97%         1
 Sting                    Tmut/Pois      0%         1d3       97%         1
 Ensorcelled Hibernation  Hex/Ice        0%         N/A       99%         2
 Poisonous Vapours        Pois/Air       0%         N/A       99%         2
 Frozen Ramparts          Ice            0%         1d2       100%        3
 Spider Form              Tmut/Pois      0%         N/A       100%        3
 Hailstorm                Conj/Ice       0%         3d3       100%        4
 Olgreb's Toxic Radiance  Pois           0%         N/A       100%        4


Dungeon Overview and Level Annotations

Branches:
Dungeon (9/15)             Temple (1/1) D:5             Orc (0/2) D:9
   Lair: D:8-11

Altars:
Ashenzari
Elyvilon
Gozag
Okawaru
Ru
Trog
Uskayaw
Vehumet
Xom
Jiyva

Shops:
D:1 *   D:2 !   D:5 *   D:6 *   D:9 !

Annotations:
D:5 1 runed translucent door, pokedragonboy's ghost, novice DECj
D:7 2 transporters, AttackTheMoon's ghost, novice MiBe
D:8 2 transporters


Innate Abilities, Weirdness & Mutations

You are immune to sickness and miasma.
Your stone body is resilient. (AC +8)
You are immune to poison.
You resist negative energy. (rN+)
You are resistant to electric shocks. (rElec)
You are resistant to unholy torment.
You are immune to petrification.


Message History

You closely miss the basilisk.
The basilisk is severely wounded.
The basilisk gazes at you. You resist with some effort.
You barely miss the basilisk.
The basilisk is severely wounded.
The basilisk gazes at you. You resist with some effort.
You completely miss the basilisk.
The basilisk is severely wounded.
You feel like a meek peon again.
You closely miss the basilisk.
The basilisk is severely wounded.
You block the basilisk's attack.
You gain the combat prowess of a mighty hero.
You block the basilisk's attack.
You barely miss the basilisk.
The basilisk is severely wounded.
The basilisk gazes at you. You resist with some effort.
You hit the basilisk.
The basilisk is almost dead.
The basilisk gazes at you. You resist with some effort.
Your plate armour prevents you from hitting the basilisk.
The basilisk is almost dead.
The basilisk bites you but does no damage.
You sock the basilisk!
You kill the basilisk!
Okawaru accepts your kill.
You barely miss the komodo dragon.
The komodo dragon is lightly wounded.
The komodo dragon barely misses you.
You barely miss the komodo dragon.
The komodo dragon is lightly wounded.
You block the komodo dragon's attack.
You hit the komodo dragon but do no damage.
The komodo dragon is lightly wounded.
The komodo dragon bites you!!
You die...

....#..................#......##.
....#..................#<........
....########...........#.........
##### ##################....
#.... ### ### ### ##### ##...
#.###.#### #.... ..####
####...###.###.... .###.###
#######@..###...........
.......###..##.l#### ##.##.##....
........###.....# #######....
#.##..........### #....
#..#.##.####### #.... #########
########.... ............
............ ............


You could see a komodo dragon.

Vanquished Creatures
  Harold (D:8)
  2 two-headed ogres
  Maggie (D:7)
  An unseen horror (D:7)
  A komodo dragon (D:9)
  3 wyverns
  8 yaks
  A shadow (D:9)
  A basilisk (D:9)
  A steam dragon (D:9)
  Menkaure (D:4)
  7 orc warriors
  4 sky beasts
  2 ice beasts (D:6)
  3 ogres
  3 centaurs
  A phantom (D:5)
  2 kobold brigands (D:8)
  A wyvern zombie (D:7)
  4 killer bees (D:9)
  4 wights (D:7)
  2 howler monkeys
  3 bullfrog zombies (D:5)
  2 jellies
  Crazy Yiuf (D:3)
  4 orc priests
  A bullfrog skeleton (D:6)
  4 hounds
  A centaur skeleton (D:7)
  An iguana (D:4)
  Natasha (D:2)
  7 orc wizards
  A killer bee zombie (D:9)
  A hound zombie (D:5)
  A howler monkey zombie (D:6)
  4 gnolls
  3 adders
  2 shadow imps
  2 ufetubi (D:6)
  An adder skeleton (D:4)
  3 worms
  2 dart slugs
  20 orcs
  3 endoplasms
  5 giant cockroaches
  7 goblins
  6 hobgoblins
  A jackal (D:1)
  5 quokkas
  5 ball pythons
  5 bats
  3 frilled lizards
  9 kobolds
  5 rats
173 creatures vanquished.

Notes
Turn   | Place    | Note
-------+----------+-------------------------------------------
     0 | D:1      | Dittersdorf the Gargoyle Fighter began the quest for the
                  | Orb.
     0 | D:1      | Reached XP level 1. HP: 14/14 MP: 1/1
   283 | D:1      | Reached XP level 2. HP: 19/19 MP: 2/2
   295 | D:1      | Found a faded altar of an unknown god.
   678 | D:1      | Found Ohaotics's Assorted Antiques.
  1109 | D:2      | Reached XP level 3. HP: 21/23 MP: 3/3
  1480 | D:2      | Noticed Natasha
  1488 | D:2      | Killed Natasha
  1489 | D:2      | Reached XP level 4. HP: 22/29 MP: 4/4
  1648 | D:2      | Found a sacrificial altar of Ru.
  1717 | D:2      | Found Lofivosi's Distillery.
  2411 | D:3      | Reached XP level 5. HP: 29/33 MP: 5/5
  3143 | D:3      | Found a runed translucent door.
  3145 | D:3      | Noticed Crazy Yiuf
  3156 | D:3      | Found a radiant altar of Vehumet.
  3552 | D:3      | Killed Crazy Yiuf
  3573 | D:3      | Found a radiant altar of Vehumet.
  4288 | D:4      | Noticed Menkaure
  4318 | D:4      | Killed Menkaure
  4319 | D:4      | Reached skill level 5 in Armour
  4319 | D:4      | Reached XP level 6. HP: 31/40 MP: 6/6
  4501 | D:4      | Reached skill level 5 in Fighting
  4977 | D:4      | Found a broken altar of Ashenzari.
  4977 | D:4      | Found a white marble altar of Elyvilon.
  5269 | D:5      | Entered Level 5 of the Dungeon
  5410 | D:5      | Reached XP level 7. HP: 40/44 MP: 7/7
  5780 | D:5      | Found Ikeuph's Assorted Antiques.
  5964 | D:5      | Found a staircase to the Ecumenical Temple.
  5979 | Temple   | Entered the Ecumenical Temple
  6023 | Temple   | Became a worshipper of Warmaster Okawaru
  6224 | D:5      | Found a runed translucent door.
  6375 | D:5      | Reached skill level 5 in Maces & Flails
  6488 | D:5      | Found Qaimib's Assorted Antiques.
  6722 | D:5      | Noticed pokedragonboy's ghost (novice DECj)
  7041 | D:6      | Reached XP level 8. HP: 43/51 MP: 8/8
  7323 | D:6      | Reached * piety under Okawaru
  7764 | D:6      | Found Teyryam's General Store.
  8199 | D:7      | Found a transporter.
  8200 | D:7      | Noticed a shadow
  8215 | D:7      | Found a transporter.
  8235 | D:7      | Noticed a death knight
  8239 | D:7      | Noticed a wraith
  8249 | D:7      | Noticed a deep elf pyromancer
  8288 | D:7      | Noticed AttackTheMoon's ghost (novice MiBe)
  8390 | D:7      | Noticed a wyvern
  8408 | D:7      | Killed a wyvern
  8409 | D:7      | Reached XP level 9. HP: 10/57 MP: 9/9
  8695 | D:7      | Killed an unseen horror
  8695 | D:7      | Reached ** piety under Okawaru
  9111 | D:7      | Noticed Maggie
  9120 | D:7      | Killed Maggie
  9789 | D:7      | Found a hide-covered altar of Uskayaw.
  9971 | D:8      | Found an opulent altar of Gozag.
 10037 | D:8      | Noticed a glowing orange brain
 10079 | D:8      | Noticed Harold
 10640 | D:8      | Killed Harold
 10640 | D:8      | Reached *** piety under Okawaru
 10641 | D:8      | Reached XP level 10. HP: 28/66 MP: 10/10
 11089 | D:8      | Found a transporter.
 11089 | D:8      | Found a transporter.
 11092 | D:8      | Found a viscous altar of Jiyva.
 11704 | D:9      | Reached skill level 10 in Fighting
 11704 | D:9      | Reached skill level 10 in Armour
 11847 | D:9      | Found a staircase to the Orcish Mines.
 11848 | D:9      | Noticed a two-headed ogre
 11860 | D:9      | Killed a two-headed ogre
 11860 | D:9      | Reached **** piety under Okawaru
 12194 | D:9      | Found Puhaor's Distillery.
 12194 | D:9      | Noticed a two-headed ogre
 12560 | D:8      | Killed a two-headed ogre
 12561 | D:8      | Reached XP level 11. HP: 46/73 MP: 8/11
 12895 | D:9      | Reached ***** piety under Okawaru
 13369 | D:9      | Reached skill level 10 in Maces & Flails
 13464 | D:9      | Slain by a komodo dragon

Illustrated notes

Levels and vault maps discovered:
D:1:      dpeg_cavernosity, layout_basic, serial_shops,
          nicolae_shop_competitors_out_of_business, basic_ecumenical_altar,
          minmay_tall_x
D:2:      layout_loops_ring, serial_shops, shop, basic_altar, uniq_natasha
D:3:      layout_basic, mainiacjoe_overflow_tiny_flanked,
          uniq_crazy_yiuf_cottage
D:4:      layout_cave_pods, gammafunk_temple_overflow_elements, uniq_menkaure
D:5:      layout_layer_cave, minmay_temple_entry_junction, serial_shops, shop,
          nicolae_shop_stone, ebering_ghost_reflecting_pool
D:6:      layout_cave_pods, serial_shops, nicolae_shop_waterfront
D:7:      layout_loops_ring, lemuel_tele_altar, nzn_ghost_randoct,
          minmay_circle_x, uniq_maggie
D:8:      gammafunk_jiyva_shrine, layout_basic,
          nicolae_gozag_cash_rules_everything_around_me, uniq_harold
D:9:      layout_stronghold, erik_lair_dragon, david_orc_3, serial_shops, shop
Temple:   hc_temple_tempest_star

Skill      XL: |  1  2  3  4  5  6  7  8  9 10 11 |
---------------+----------------------------------+-----
Shields        | 4 |  4.0
Fighting       | 4 5 6 7 9 10 11 | 11.2
Armour         | 4 5 6 7 9 10 11 | 11.2
Maces & Flails | 3 4 5 6 8 9 10 | 10.1

Action                   |  1- 3 |  4- 6 |  7- 9 | 10-12 || total
-------------------------+-------+-------+-------+-------++-------
Melee: Flail             |   103 |   100 |       |       ||   203
       Morningstar       |       |    78 |   292 |   274 ||   644
Throw: Dart              |       |     1 |     6 |     5 ||    12
Invok: Heroism           |       |       |     1 |     4 ||     5
  Use: Scroll            |       |     3 |    11 |     4 ||    18
Armor: Scale mail        |    45 |       |       |       ||    45
       Chain mail        |    27 |   112 |   196 |       ||   335
       Plate armour      |       |       |     4 |   182 ||   186
Dodge: Dodged            |    40 |    54 |   143 |   150 ||   387
Block: Buckler           |    22 |    44 |    77 |    54 ||   197

Table legend: (Time is in decaauts)
 A = Elapsed time spent in this place.
 B = Non-inter-level travel time spent in this place.
 C = Inter-level travel time spent in this place.
 D = Time resting spent in this place.
 E = Time spent auto-exploring this place.
 F = Levels seen in this place.
 G = Mean time per level.
                   A        B        C        D        E       F      G
               +--------+--------+--------+--------+--------+-----+--------+
         Total |  13601 |  13152 |    449 |   3616 |   7417 |  10 | 1360.1 |
       Dungeon |  13543 |  13122 |    421 |   3616 |   7393 |   9 | 1504.8 |
        Temple |     58 |     31 |     27 |      0 |     23 |   1 |   58.0 |
               +--------+--------+--------+--------+--------+-----+--------+

Top non-repeatable levels by time:
     D:3: 2093 daAuts
     D:7: 2046 daAuts
     D:8: 1623 daAuts
     D:6: 1561 daAuts
     D:5: 1530 daAuts
     D:9: 1417 daAuts
     D:2: 1203 daAuts
     D:4: 1035 daAuts
     D:1: 1030 daAuts
  Temple: 58 daAuts
